 Dungeon Crawl Stone Soup version 0.29.0-4-gdea44cf6ec (webtiles) character file.

Game seed: 5313352995950130331

9898 qw the Grappler (level 11, -1/105 HPs)
             Began as a Troll Cinder Acolyte on Sept 1, 2022.
             Was a Follower of Ignis.
             Slain by an unseen horror (7 damage)
             ... on level 11 of the Dungeon.
             The game lasted 00:04:48 (10017 turns).

qw the Grappler (Troll Cinder Acolyte)             Turns: 10017, Time: 00:04:49

Health: -1/105     AC:  9    Str: 34    XL:     11   Next: 29%
Magic:  11/11      EV:  9    Int: 10    God:    Ignis [*.....]
Gold:   181        SH:  0    Dex:  5    Spells: 12/12 levels left

rFire   + . .      SeeInvis .     - Unarmed
rCold   . . .      Faith    .   (no shield)
rNeg    + . .      Spirit   .   g - +2 steam dragon scales
rPois   .          Reflect  .   (helmet restricted)
rElec   .          Harm     .   (no cloak)
rCorr   .          Rampage  .   (gloves unavailable)
Will    .....                   (boots unavailable)
Stlth   +.........              (no amulet)
HPRegen 1.07/turn               a - ring of positive energy
MPRegen 0.12/turn               m - +6 ring of strength

@: no status effects
A: large, unfitting armour, claws 3, regeneration 1, shaggy fur 1, tough skin 1
a: Renounce Religion, Fiery Armour, Foxfire Swarm, Rising Flame


You were on level 11 of the Dungeon.
You worshipped Ignis.
Ignis was aware of your devotion.
You visited 1 branch of the dungeon, and saw 11 of its levels.
You also visited: Sewer.

You collected 507 gold pieces.
You spent 326 gold pieces at shops.


Innate Abilities, Weirdness & Mutations

You are too large for most types of armour.
You have claws for hands.
Your natural rate of healing is unusually fast.
You are covered in fur. (AC +1)
You have tough skin. (AC +1)


   Skills:
 - Level 6.0 Fighting
 - Level 6.2 Throwing
 - Level 1.0 Armour
 - Level 1.5 Dodging
 + Level 14.9 Unarmed Combat
 - Level 1.0 Spellcasting
 - Level 2.1 Fire Magic


You had 12 spell levels left.
You didn't know any spells.
Your spell library contained the following spells:

 Spells                   Type           Power      Damage    Failure   Level
 Scorch                   Fire           8%         2d5       22%         2

Inventory:

Missiles
 f - 6 javelins
 l - 2 large rocks (quivered)
Armour
 g - +2 steam dragon scales (worn)
Jewellery
 a - a ring of positive energy (left claw)
 m - a +6 ring of strength (right claw)
Scrolls
 h - 4 scrolls of identify
 k - a scroll of teleportation
Potions
 b - 7 potions of curing
 c - 5 potions of heal wounds
 d - 2 potions of might
 e - a potion of cancellation
 i - a potion of haste
 j - a potion of mutation

Dungeon Overview and Level Annotations

Branches:
Dungeon (11/15)            Temple (0/1) D:6             Orc (0/2) D:10
  Sewer (visited)
   Lair: D:8-11

Altars:
Ashenzari
Fedhas
Gozag
Ru
Trog
Uskayaw
Vehumet
Wu Jian
Xom

Shops:
D:4 *:!   D:7 !   D:8 =

Portals:
Trove: D:10 (show slimy rune of Zot)

Annotations:
D:9 2 transporters, qw's ghost, novice TrCA
D:10 2 transporters, qw's ghost, journeyman TrCA


Message History

Something hits you!
9998 ||| FLEEEEING.
Something hits you. x2
9999 ||| FLEEEEING.
Something hits you. Something hits you! Something hits you.
10001 ||| FLEEEEING.
Something hits you! Something hits you but does no damage.
10002 ||| FLEEEEING.
Something hits you but does no damage.
10003 ||| FLEEEEING.
Something hits you! Something hits you.
10004 ||| FLEEEEING.
Something hits you. Something hits you.
Something hits you but does no damage. x2
Something hits you but does no damage. Something hits you but does no damage.
10008 ||| FLEEEEING.
Something hits you.
10009 ||| FLEEEEING.
Something hits you but does no damage.
10010 ||| FLEEEEING.
Something hits you but does no damage.
10011 ||| FLEEEEING.
Something hits you.
10012 ||| FLEEEEING.
Something hits you but does no damage. Something hits you!
10013 ||| FLEEEEING.
Something hits you but does no damage. Something hits you.
The komodo dragon hisses menacingly.
Something hits you.
10015 ||| FLEEEEING.
Something hits you but does no damage.
10016 ||| FLEEEEING.
Something hits you.
10017 ||| FLEEEEING.
Something hits you!
You die...

########## #........########
#.######.#......# #.#
#.#.####.# #.#
####.#.####.####### #)#
#.@{....l.........#
#<###.##{#.####.#####.# #####
#.)........####.# #.#
##...####.#####........#####.#
#.....###.# #..########.....
#.........# #.## #.##l#
#.....###.# #.# #.#... ##...##
#.#####.# #.#... ##.##
#.......## ##)#...


You could see a komodo dragon.

Vanquished Creatures
  3 two-headed ogres
  Amaemon (D:9)
  2 gargoyles
  An orange demon (D:9)
  Psyche (D:10)
  2 komodo dragons (D:11)
  A troll (D:10)
  2 hornets (D:9)
  A wraith (D:9)
  2 wyverns
  2 shadows
  A yak (D:10)
  A steam dragon (D:6)
  Edmund (D:5)
  An acid dragon (D:10)
  A water moccasin (D:7)
  3 orc warriors
  2 ice beasts
  4 centaurs
  3 ogres
  2 phantoms (D:10)
  6 kobold brigands
  2 necrophages
  4 bullfrogs
  A gnoll sergeant (D:6)
  2 scorpions (D:5)
  5 wights (D:7)
  2 troll zombies (D:10)
  5 killer bees (D:10)
  5 howler monkeys
  A crimson imp (D:5)
  4 orc priests
  A hound (D:4)
  5 jellies
  2 gnoll boudas
  5 iguanas
  3 orc wizards
  4 ogre zombies (D:10)
  17 gnolls
  10 adders
  2 river rats (Sewer)
  2 shadow imps
  2 white imps (D:5)
  2 ufetubi
  3 worms
  19 orcs
  9 ball pythons
  9 endoplasms
  4 giant cockroaches
  9 goblins
  5 hobgoblins
  15 jackals
  28 kobolds
  3 quokkas (D:1)
  4 bats
  3 frilled lizards
  2 goblin zombies (D:10)
  2 hobgoblin skeletons (D:10)
  4 hobgoblin zombies (D:10)
  2 orc skeletons (D:10)
  9 orc zombies (D:10)
  6 rats
265 creatures vanquished.

Vanquished Creatures (others)
  13 fungi (D:11)
  23 plants (D:11)
36 creatures vanquished.

Grand Total: 301 creatures vanquished

Notes
Turn   | Place    | Note
-------+----------+-------------------------------------------
     0 | D:1      | qw the Troll Cinder Acolyte began the quest for the Orb.
     0 | D:1      | Reached XP level 1. HP: 22/22 MP: 1/1
     0 | D:1      | 0 ||| qw: Version: 0.1-a-97-g2dd2ca4
     0 | D:1      | 0 ||| qw: Game counter: 4760
     0 | D:1      | 0 ||| qw: Always use a shield: true
     0 | D:1      | 0 ||| qw: God list: Okawaru
     0 | D:1      | 0 ||| qw: Allow faded altars: false
     0 | D:1      | 0 ||| qw: Do Orc after D:15 true
     0 | D:1      | 0 ||| qw: Do second Lair branch before Depths: true
     0 | D:1      | 0 ||| qw: Lair rune preference: random
     0 | D:1      | 0 ||| qw: Plans: Normal
     0 | D:1      | 0 ||| PLANNING D:1-11
    96 | D:1      | Reached XP level 2. HP: 29/29 MP: 2/2
   348 | D:1      | Reached skill level 4 in Unarmed Combat
   507 | D:1      | 507 ||| READING scroll labelled XIUBLEZXES.
   508 | D:1      | 508 ||| READING scroll labelled MUEGAO UTORR.
   535 | D:1      | Reached XP level 3. HP: 35/36 MP: 3/3
   629 | D:1      | 629 ||| Stepping ~*~*~tactically~*~*~ (outnumbered).
   745 | D:1      | 745 ||| READING 2 scrolls labelled SUNLUMAZEP.
   746 | D:1      | 746 ||| DRINKING 2 fuming ruby potions.
   747 | D:1      | 747 ||| DROPPING scroll of magic mapping.
   786 | D:2      | 786 ||| STAIRDANCE
  1047 | D:2      | Reached XP level 4. HP: 44/44 MP: 4/4
  1048 | D:2      | Reached skill level 5 in Unarmed Combat
  1102 | D:2      | Identified the +5 dagger of Nenys {vorpal, Str+4 Int+5}
  1138 | D:2      | 1138 ||| Stepping ~*~*~tactically~*~*~ (stealth).
  1148 | D:2      | Found a radiant altar of Vehumet.
  1408 | D:2      | 1408 ||| DRINKING 3 purple potions.
  1445 | D:3      | 1445 ||| PLANNING SEWER
  1742 | D:3      | Reached skill level 1 in Throwing
  1927 | D:3      | Found a glowing drain.
  1928 | D:3      | 1928 ||| READING 2 scrolls of identify.
  1928 | D:3      | 1928 ||| IDENTIFYING puce potion
  1932 | D:3      | 1932 ||| Stepping ~*~*~tactically~*~*~ (stealth).
  1959 | Sewer    | Entered a sewer
  2042 | Sewer    | Noticed a kobold brigand
  2059 | Sewer    | Killed a kobold brigand
  2060 | Sewer    | Reached skill level 6 in Unarmed Combat
  2060 | Sewer    | Reached XP level 5. HP: 37/50 MP: 5/5
  2099 | Sewer    | Found a glowing silver altar of Zin.
  2134 | Sewer    | 2134 ||| DROPPING potion of flight.
  2141 | D:3      | 2141 ||| PLANNING D:1-11
  2170 | D:3      | 2170 ||| Stepping ~*~*~tactically~*~*~ (stealth).
  2526 | D:4      | Found Xoagaun's General Store.
  2529 | D:4      | 2529 ||| SHOPLISTING amulet of guardian spirit (390 gold,
                  | have 204).
  2529 | D:4      | 2529 ||| BUYING potion of heal wounds (65 gold).
  2529 | D:4      | Bought a potion of heal wounds for 65 gold pieces
  2603 | D:4      | 2603 ||| Stepping ~*~*~tactically~*~*~ (stealth).
  2638 | D:4      | Reached XP level 6. HP: 58/59 MP: 6/6
  2640 | D:4      | 2640 ||| Stepping ~*~*~tactically~*~*~ (stealth).
  2671 | D:4      | 2671 ||| INVOKING Fiery Armour.
  2676 | D:4      | 2676 ||| Stepping ~*~*~tactically~*~*~ (outnumbered).
  2677 | D:4      | 2677 ||| Stepping ~*~*~tactically~*~*~ (outnumbered).
  2678 | D:4      | 2678 ||| Stepping ~*~*~tactically~*~*~ (outnumbered).
  2694 | D:4      | 2694 ||| Stepping ~*~*~tactically~*~*~ (stealth).
  2813 | D:4      | Found a broken altar of Ashenzari.
  2838 | D:4      | Found an ornate altar of the Wu Jian Council.
  2856 | D:4      | Found Lagh's Book Emporium.
  2985 | D:4      | 2985 ||| Stepping ~*~*~tactically~*~*~ (stealth).
  2986 | D:4      | 2986 ||| Stepping ~*~*~tactically~*~*~ (stealth).
  2988 | D:4      | 2988 ||| Stepping ~*~*~tactically~*~*~ (stealth).
  3000 | D:4      | 3000 ||| Stepping ~*~*~tactically~*~*~ (stealth).
  3001 | D:4      | 3001 ||| Stepping ~*~*~tactically~*~*~ (stealth).
  3120 | D:4      | Found Midy's Distillery.
  3126 | D:4      | 3126 ||| SHOPLISTING 2 potions of cancellation (176 gold,
                  | have 167).
  3126 | D:4      | 3126 ||| BUYING 2 potions of heal wounds (110 gold).
  3126 | D:4      | Bought 2 potions of heal wounds for 110 gold pieces
  3126 | D:4      | 3126 ||| BUYING potion of heal wounds (55 gold).
  3126 | D:4      | Bought a potion of heal wounds for 55 gold pieces
  3160 | D:4      | Found a sacrificial altar of Ru.
  3213 | D:4      | 3213 ||| READING scroll labelled CUDWAR PUXT.
  3214 | D:4      | 3214 ||| READING scroll labelled INNEOGROIPN.
  3215 | D:4      | 3215 ||| READING scroll labelled MIMODE SURUJOE.
  3316 | D:4      | 3316 ||| READING scroll labelled ZYAHOL PUUZ.
  3321 | D:4      | 3321 ||| READING 4 scrolls of identify.
  3321 | D:4      | 3321 ||| IDENTIFYING lumpy yellow potion
  3322 | D:4      | 3322 ||| DROPPING potion of ambrosia.
  3357 | D:5      | Entered Level 5 of the Dungeon
  3399 | D:5      | Noticed Edmund
  3400 | D:5      | 3400 ||| Stepping ~*~*~tactically~*~*~ (stealth).
  3401 | D:5      | 3401 ||| Stepping ~*~*~tactically~*~*~ (stealth).
  3402 | D:5      | 3402 ||| Stepping ~*~*~tactically~*~*~ (stealth).
  3412 | D:5      | 3412 ||| INVOKING Fiery Armour.
  3414 | D:5      | 3414 ||| Stepping ~*~*~tactically~*~*~ (outnumbered).
  3415 | D:5      | HP: 13/59 [Edmund/+2 vorpal flail (7)]
  3416 | D:5      | 3416 ||| DRINKING 7 potions of heal wounds.
  3417 | D:5      | 3417 ||| Stepping ~*~*~tactically~*~*~ (outnumbered).
  3419 | D:5      | 3419 ||| Stepping ~*~*~tactically~*~*~ (outnumbered).
  3421 | D:5      | Killed Edmund
  3422 | D:5      | Reached skill level 7 in Unarmed Combat
  3453 | D:5      | 3453 ||| Stepping ~*~*~tactically~*~*~ (stealth).
  3457 | D:5      | Reached XP level 7. HP: 62/66 MP: 7/7
  3606 | D:5      | 3606 ||| Stepping ~*~*~tactically~*~*~ (hiding).
  3626 | D:5      | 3626 ||| INVOKING Fiery Armour.
  3630 | D:5      | Reached skill level 8 in Unarmed Combat
  3631 | D:5      | HP: 15/66 [scorpion (2)]
  3632 | D:5      | 3632 ||| DRINKING 6 potions of heal wounds.
  3635 | D:5      | 3635 ||| Stepping ~*~*~tactically~*~*~ (stealth).
  3705 | D:5      | Reached skill level 3 in Fighting
  3955 | D:5      | Reached skill level 3 in Throwing
  4121 | D:5      | 4121 ||| Stepping ~*~*~tactically~*~*~ (stealth).
  4123 | D:5      | 4123 ||| Stepping ~*~*~tactically~*~*~ (stealth).
  4128 | D:5      | 4128 ||| Stepping ~*~*~tactically~*~*~ (stealth).
  4240 | D:5      | Reached XP level 8. HP: 66/75 MP: 8/8
  4244 | D:5      | 4244 ||| Stepping ~*~*~tactically~*~*~ (hiding).
  4247 | D:5      | Noticed a two-headed ogre
  4249 | D:5      | 4249 ||| INVOKING Fiery Armour.
  4252 | D:5      | Killed a two-headed ogre
  4253 | D:5      | Reached skill level 10 in Unarmed Combat
  4257 | D:5      | HP: 18/75 [orc warrior/+0 war axe (9)]
  4258 | D:5      | 4258 ||| DRINKING 6 potions of heal wounds.
  4264 | D:5      | Reached skill level 1 in Dodging
  4393 | D:5      | 4393 ||| READING scroll labelled HAOCLALUKH.
  4394 | D:5      | 4394 ||| READING 4 scrolls of identify.
  4394 | D:5      | 4394 ||| IDENTIFYING murky silvery potion
  4395 | D:5      | 4395 ||| READING 3 scrolls of identify.
  4395 | D:5      | 4395 ||| IDENTIFYING bubbling puce potion
  4396 | D:5      | 4396 ||| READING 2 scrolls of identify.
  4396 | D:5      | 4396 ||| IDENTIFYING orange potion
  4397 | D:5      | 4397 ||| DROPPING potion of magic.
  4398 | D:5      | 4398 ||| DROPPING potion of degeneration.
  4590 | D:6      | 4590 ||| Stepping ~*~*~tactically~*~*~ (stealth).
  4591 | D:6      | 4591 ||| Stepping ~*~*~tactically~*~*~ (stealth).
  4592 | D:6      | 4592 ||| Stepping ~*~*~tactically~*~*~ (stealth).
  4638 | D:6      | Reached XP level 9. HP: 43/84 MP: 9/9
  4756 | D:6      | 4756 ||| Stepping ~*~*~tactically~*~*~ (hiding).
  4914 | D:6      | 4914 ||| UPGRADING to +0 steam dragon scales.
  4924 | D:6      | 4924 ||| DROPPING +0 robe.
  4958 | D:6      | 4958 ||| INVOKING Fiery Armour.
  4965 | D:6      | Reached skill level 1 in Armour
  4967 | D:6      | Reached skill level 11 in Unarmed Combat
  4971 | D:6      | 4971 ||| Stepping ~*~*~tactically~*~*~ (outnumbered).
  5212 | D:6      | Found a staircase to the Ecumenical Temple.
  5826 | D:6      | 5826 ||| READING 2 scrolls of identify.
  5826 | D:6      | 5826 ||| IDENTIFYING glowing brown potion
  5827 | D:6      | 5827 ||| DROPPING potion of invisibility.
  5876 | D:7      | 5876 ||| Stepping ~*~*~tactically~*~*~ (outnumbered).
  5898 | D:7      | 5898 ||| Stepping ~*~*~tactically~*~*~ (stealth).
  5899 | D:7      | 5899 ||| Stepping ~*~*~tactically~*~*~ (stealth).
  5938 | D:7      | 5938 ||| Stepping ~*~*~tactically~*~*~ (stealth).
  5950 | D:7      | 5950 ||| Stepping ~*~*~tactically~*~*~ (stealth).
  5960 | D:7      | 5960 ||| Stepping ~*~*~tactically~*~*~ (stealth).
  5961 | D:7      | 5961 ||| Stepping ~*~*~tactically~*~*~ (stealth).
  6078 | D:7      | 6078 ||| Stepping ~*~*~tactically~*~*~ (stealth).
  6083 | D:7      | 6083 ||| Stepping ~*~*~tactically~*~*~ (stealth).
  6087 | D:7      | 6087 ||| Stepping ~*~*~tactically~*~*~ (stealth).
  6090 | D:7      | 6090 ||| Stepping ~*~*~tactically~*~*~ (outnumbered).
  6091 | D:7      | 6091 ||| Stepping ~*~*~tactically~*~*~ (outnumbered).
  6092 | D:7      | 6092 ||| Stepping ~*~*~tactically~*~*~ (outnumbered).
  6102 | D:7      | Reached skill level 12 in Unarmed Combat
  6119 | D:7      | 6119 ||| Stepping ~*~*~tactically~*~*~ (hiding).
  6270 | D:7      | 6270 ||| INVOKING Fiery Armour.
  6391 | D:7      | Found Wymexata's Distillery.
  6397 | D:7      | 6397 ||| SHOPLISTING 2 potions of cancellation (256 gold,
                  | have 126).
  6397 | D:7      | 6397 ||| BUYING potion of curing (48 gold).
  6397 | D:7      | Bought a potion of curing for 48 gold pieces
  6397 | D:7      | 6397 ||| BUYING potion of curing (48 gold).
  6397 | D:7      | Bought a potion of curing for 48 gold pieces
  6397 | D:7      | 6397 ||| SHOPLISTING potion of heal wounds (80 gold, have
                  | 30).
  6397 | D:7      | 6397 ||| SHOPLISTING potion of mutation (128 gold, have
                  | 30).
  6505 | D:7      | 6505 ||| READING scroll labelled JIVACWACSI.
  6506 | D:7      | 6506 ||| READING scroll labelled HIKLOT MEKHUWNAI.
  6507 | D:7      | 6507 ||| DRINKING 2 fizzy pink potions.
  6612 | D:7      | 6612 ||| READING 2 scrolls of identify.
  6612 | D:7      | 6612 ||| IDENTIFYING bubbling yellow potion
  6613 | D:7      | 6613 ||| DROPPING potion of berserk rage.
  6785 | D:8      | 6785 ||| Stepping ~*~*~tactically~*~*~ (stealth).
  6870 | D:8      | Identified the +8 flail "Demonbane" {vorpal, rCorr Int+6}
  6882 | D:8      | 6882 ||| Stepping ~*~*~tactically~*~*~ (stealth).
  6891 | D:8      | 6891 ||| Stepping ~*~*~tactically~*~*~ (stealth).
  6896 | D:8      | 6896 ||| Stepping ~*~*~tactically~*~*~ (stealth).
  6898 | D:8      | 6898 ||| Stepping ~*~*~tactically~*~*~ (hiding).
  6991 | D:8      | Reached XP level 10. HP: 66/96 MP: 10/10
  7254 | D:8      | 7254 ||| Stepping ~*~*~tactically~*~*~ (hiding).
  7315 | D:8      | Noticed a gargoyle
  7316 | D:8      | 7316 ||| Stepping ~*~*~tactically~*~*~ (hiding).
  7323 | D:8      | Killed a gargoyle
  7444 | D:8      | Found Buto Quo's Jewellery Shop.
  7452 | D:8      | 7452 ||| SHOPLISTING +4 ring of evasion (432 gold, have
                  | 98).
  7452 | D:8      | 7452 ||| SHOPLISTING amulet of Guizaaqes {Regen+ Int+3}
                  | (519 gold, have 98).
  7452 | D:8      | 7452 ||| SHOPLISTING amulet of guardian spirit (360 gold,
                  | have 98).
  7452 | D:8      | 7452 ||| SHOPLISTING amulet of regeneration (360 gold, have
                  | 98).
  7452 | D:8      | 7452 ||| SHOPLISTING ring "Cavudige" {Wiz rC- Str+6} (511
                  | gold, have 98).
  7452 | D:8      | 7452 ||| SHOPLISTING ring "Duing" {rPois rC+ Str+2 Int+6}
                  | (700 gold, have 98).
  7452 | D:8      | 7452 ||| SHOPLISTING ring of willpower (300 gold, have 98).
  7457 | D:8      | 7457 ||| READING scroll labelled WOKEAD KUNIAS.
  7458 | D:8      | 7458 ||| DRINKING 2 murky white potions.
  7459 | D:8      | 7459 ||| DROPPING potion of attraction.
  7503 | D:9      | 7503 ||| STAIRDANCE
  7516 | D:9      | 7516 ||| STAIRDANCE
  7516 | D:9      | Paralysed by a hornet for 3 turns
  7519 | D:9      | 7519 ||| STAIRDANCE
  7520 | D:8      | HP: 17/96 [poisoned by a kobold demonologist]
  7521 | D:8      | 7521 ||| READING 2 scrolls of teleportation.
  7521 | D:8      | HP: 4/96 [hornet (5)]
  7522 | D:8      | 7522 ||| DRINKING 9 potions of heal wounds.
  7523 | D:8      | 7523 ||| DRINKING 8 potions of heal wounds.
  7524 | D:8      | 7524 ||| DRINKING 7 potions of heal wounds.
  7525 | D:8      | 7525 ||| Stepping ~*~*~tactically~*~*~ (hiding).
  7526 | D:8      | HP: 20/96 [poisoned by a kobold demonologist]
  7527 | D:8      | 7527 ||| READING scroll of teleportation.
  7528 | D:8      | 7528 ||| DRINKING 6 potions of heal wounds.
  7529 | D:8      | 7529 ||| INVOKING Fiery Armour.
  7610 | D:9      | 7610 ||| READING scroll of enchant armour.
  7610 | D:9      | 7610 ||| ENCHANTING +0 steam dragon scales.
  7639 | D:9      | Found an opulent altar of Gozag.
  7640 | D:9      | Noticed a two-headed ogre
  7645 | D:9      | Killed a two-headed ogre
  7646 | D:9      | Reached skill level 13 in Unarmed Combat
  7825 | D:9      | Paralysed by a hornet for 1 turns
  7829 | D:9      | 7829 ||| INVOKING Fiery Armour.
  7962 | D:9      | Noticed an orange demon
  7962 | D:9      | Noticed Amaemon
  7963 | D:9      | 7963 ||| Stepping ~*~*~tactically~*~*~ (hiding).
  7968 | D:9      | Killed an orange demon
  7975 | D:9      | Killed Amaemon
  7976 | D:9      | Reached skill level 14 in Unarmed Combat
  7992 | D:9      | 7992 ||| FLEEEEING.
  8080 | D:9      | Found a transporter.
  8083 | D:9      | Noticed qw's ghost (novice TrCA)
  8083 | D:9      | Noticed a two-headed ogre
  8083 | D:9      | Noticed a two-headed ogre
  8097 | D:9      | 8097 ||| READING scroll of enchant armour.
  8097 | D:9      | 8097 ||| ENCHANTING +1 steam dragon scales.
  8134 | D:9      | Found a transporter.
  8134 | D:9      | Noticed a two-headed ogre
  8166 | D:9      | Identified the +7 giant spiked club of Susod {antimagic,
                  | +Blink}
  8166 | D:9      | Noticed a two-headed ogre
  8222 | D:9      | Found a blossoming altar of Fedhas.
  8254 | D:9      | Found a hide-covered altar of Uskayaw.
  8444 | D:9      | 8444 ||| UPGRADING to ring of positive energy.
  8445 | D:9      | 8445 ||| UPGRADING to +6 ring of strength.
  8446 | D:9      | 8446 ||| READING scroll labelled TUSSIPPUXUO.
  8447 | D:9      | 8447 ||| DRINKING 2 golden potions.
  8492 | D:9      | 8492 ||| DROPPING potion of lignification.
  8516 | D:10     | Entered Level 10 of the Dungeon
  8516 | D:10     | Noticed Psyche
  8518 | D:10     | 8518 ||| STAIRDANCE
  8564 | D:10     | Killed Psyche
  8565 | D:10     | Reached skill level 6 in Fighting
  8623 | D:10     | 8623 ||| Stepping ~*~*~tactically~*~*~ (stealth).
  8625 | D:10     | 8625 ||| Stepping ~*~*~tactically~*~*~ (hiding).
  8654 | D:10     | 8654 ||| Stepping ~*~*~tactically~*~*~ (outnumbered).
  8668 | D:10     | 8668 ||| Stepping ~*~*~tactically~*~*~ (stealth).
  8669 | D:10     | 8669 ||| Stepping ~*~*~tactically~*~*~ (stealth).
  8679 | D:10     | Found a staircase to the Orcish Mines.
  8686 | D:10     | 8686 ||| Stepping ~*~*~tactically~*~*~ (stealth).
  8691 | D:10     | 8691 ||| Stepping ~*~*~tactically~*~*~ (stealth).
  8701 | D:10     | 8701 ||| Stepping ~*~*~tactically~*~*~ (stealth).
  8784 | D:10     | Found a portal to a secret trove of treasure.
  8826 | D:10     | 8826 ||| FLEEEEING.
  8902 | D:10     | Reached XP level 11. HP: 65/105 MP: 11/11
  8915 | D:10     | 8915 ||| INVOKING Fiery Armour.
  9020 | D:10     | Noticed a tengu warrior
  9248 | D:10     | Found a transporter.
  9252 | D:10     | Found a transporter.
  9253 | D:10     | Found a bloodstained altar of Trog.
  9253 | D:10     | Noticed a two-headed ogre
  9347 | D:10     | Noticed qw's ghost (journeyman TrCA)
  9402 | D:10     | Noticed a two-headed ogre
  9403 | D:10     | 9403 ||| INVOKING Fiery Armour.
  9409 | D:10     | Killed a two-headed ogre
  9579 | D:10     | Found a shimmering altar of Xom.
  9665 | D:10     | 9665 ||| READING scroll labelled REKHU IMAIROETS.
  9666 | D:10     | 9666 ||| READING 4 scrolls of identify.
  9666 | D:10     | 9666 ||| IDENTIFYING smoky green potion
  9795 | D:11     | 9795 ||| INVOKING Fiery Armour.
  9801 | D:11     | Reached skill level 6 in Throwing
  9801 | D:11     | 9801 ||| Stepping ~*~*~tactically~*~*~ (outnumbered).
  9802 | D:11     | 9802 ||| Stepping ~*~*~tactically~*~*~ (outnumbered).
  9806 | D:11     | 9806 ||| FLEEEEING.
  9807 | D:11     | 9807 ||| FLEEEEING.
  9808 | D:11     | 9808 ||| FLEEEEING.
  9809 | D:11     | 9809 ||| FLEEEEING.
  9810 | D:11     | 9810 ||| FLEEEEING.
  9811 | D:11     | 9811 ||| FLEEEEING.
  9812 | D:11     | 9812 ||| FLEEEEING.
  9813 | D:11     | 9813 ||| FLEEEEING.
  9814 | D:11     | 9814 ||| FLEEEEING.
  9816 | D:11     | 9816 ||| FLEEEEING.
  9817 | D:11     | 9817 ||| FLEEEEING.
  9818 | D:11     | 9818 ||| FLEEEEING.
  9819 | D:11     | 9819 ||| FLEEEEING.
  9820 | D:11     | 9820 ||| FLEEEEING.
  9821 | D:11     | 9821 ||| FLEEEEING.
  9822 | D:11     | 9822 ||| FLEEEEING.
  9823 | D:11     | 9823 ||| FLEEEEING.
  9824 | D:11     | 9824 ||| FLEEEEING.
  9825 | D:11     | 9825 ||| FLEEEEING.
  9826 | D:11     | 9826 ||| FLEEEEING.
  9827 | D:11     | 9827 ||| FLEEEEING.
  9828 | D:11     | 9828 ||| FLEEEEING.
  9829 | D:11     | 9829 ||| FLEEEEING.
  9830 | D:11     | 9830 ||| FLEEEEING.
  9831 | D:11     | 9831 ||| FLEEEEING.
  9832 | D:11     | 9832 ||| FLEEEEING.
  9833 | D:11     | 9833 ||| STAIRDANCE
  9872 | D:11     | 9872 ||| STAIRDANCE
  9888 | D:11     | 9888 ||| STAIRDANCE
  9988 | D:11     | 9988 ||| FLEEEEING.
  9989 | D:11     | 9989 ||| FLEEEEING.
  9992 | D:11     | 9992 ||| FLEEEEING.
  9993 | D:11     | 9993 ||| FLEEEEING.
  9994 | D:11     | 9994 ||| FLEEEEING.
  9996 | D:11     | 9996 ||| FLEEEEING.
  9997 | D:11     | 9997 ||| FLEEEEING.
  9998 | D:11     | 9998 ||| FLEEEEING.
  9999 | D:11     | 9999 ||| FLEEEEING.
 10001 | D:11     | 10001 ||| FLEEEEING.
 10001 | D:11     | HP: 24/105 [something (7)]
 10002 | D:11     | 10002 ||| FLEEEEING.
 10003 | D:11     | 10003 ||| FLEEEEING.
 10004 | D:11     | 10004 ||| FLEEEEING.
 10008 | D:11     | 10008 ||| FLEEEEING.
 10008 | D:11     | HP: 20/105 [something (1)]
 10009 | D:11     | 10009 ||| FLEEEEING.
 10010 | D:11     | 10010 ||| FLEEEEING.
 10011 | D:11     | 10011 ||| FLEEEEING.
 10012 | D:11     | 10012 ||| FLEEEEING.
 10013 | D:11     | 10013 ||| FLEEEEING.
 10013 | D:11     | HP: 10/105 [something (3)]
 10015 | D:11     | 10015 ||| FLEEEEING.
 10016 | D:11     | 10016 ||| FLEEEEING.
 10017 | D:11     | 10017 ||| FLEEEEING.
 10017 | D:11     | Slain by an unseen horror

Levels and vault maps discovered:
D:1:      psy_arrival_statuary, layout_loops_ring, glass_columns_c
D:2:      layout_loops_ring, basic_altar
D:3:      layout_loops_corners, cheibrodos_sewer_entry_bend,
          nicolae_eternal_life
D:4:      layout_loops_cross, lemuel_coloured_pillars_altar,
          mainiacjoe_overflow_surrounded_room,
          nicolae_wu_jian_immortal_techniques, serial_shops,
          nicolae_stop_n_shop_1, kennysheep_mini, shop, st_stairs_1,
          minmay_misc_feat_four_crosses
D:5:      kennysheep_big_flooded_room, layout_loops_ring,
          minmay_fire_ice_demons, uniq_edmund
D:6:      layout_basic, lemuel_temple_firewalk_a
D:7:      layout_basic, serial_shops, kennysheep_little_box
D:8:      layout_loops_ring, serial_shops, nicolae_shop_hallway_stairs
D:9:      layout_roguey, mainiacjoe_overflow_two_lobes,
          mainiacjoe_overflow_brackets, gammafunk_ghost_smash,
          kennysheep_another_room, patterned_corridor, uniq_amaemon
D:10:     layout_cave_pods, kennysheep_mini_moat, zombieorc1_lemuel,
          gammafunk_ghost_wrathful_warriors, enter_trove_1, dk_noncrumbling_2,
          minmay_rotating_lava, uniq_psyche
D:11:     layout_loops_corners, grunt_lair_entry_orc_guard_hut

Skill      XL: |  1  2  3  4  5  6  7  8  9 10 11 |
---------------+----------------------------------+-----
Unarmed Combat | 4 6 7 8 10 12 14 | 14.9
Throwing       | 1 2 3 5 6 |  6.2
Fighting       | 3 4 5 6 |  6.0
Dodging        | 1 |  1.5
Armour         | 1 |  1.0
Spellcasting   | |  1.0
Fire Magic     | |  2.1

Action                   |  1- 3 |  4- 6 |  7- 9 | 10-12 || total
-------------------------+-------+-------+-------+-------++-------
Melee: Unarmed           |   139 |   109 |   189 |   165 ||   602
       Punch             |     1 |     2 |     7 |    10 ||    20
Throw: Large rock        |       |    44 |    34 |    34 ||   112
       Javelin           |       |     6 |     7 |    12 ||    25
Invok: Fiery Armour      |       |     2 |     4 |     5 ||    11
  Use: Scroll            |     3 |     6 |     8 |     8 ||    25
       Potion            |     1 |     2 |     3 |     6 ||    12
Armor: Robe              |    40 |    23 |    13 |       ||    76
       Steam dragon scal |       |       |    32 |    86 ||   118
Dodge: Dodged            |    61 |    43 |    70 |    74 ||   248

Table legend:
 A = Non-vault XP
 B = Vault XP
 C = Vault XP percentage of total XP
 D = Non-vault monster count
 E = Vault monster count
 F = Vault count percentage of total count
                 A         B        C        D         E       F
            +---------+---------+-------+---------+---------+-------
      Total |    9609 |    4532 |  32.0 |     209 |      56 |  21.1
            +---------+---------+-------+---------+---------+-------
        D:1 |      57 |       0 |   0.0 |      35 |       0 |   0.0
        D:2 |      53 |       0 |   0.0 |      17 |       0 |   0.0
        D:3 |      53 |      10 |  15.9 |      16 |       2 |  11.1
        D:4 |     221 |       5 |   2.2 |      23 |       2 |   8.0
        D:5 |     729 |    1186 |  61.9 |      24 |       5 |  17.2
        D:6 |    1166 |       0 |   0.0 |      25 |       0 |   0.0
        D:7 |    1492 |       0 |   0.0 |      24 |       0 |   0.0
        D:8 |    1418 |       0 |   0.0 |      15 |       0 |   0.0
        D:9 |    1856 |    1176 |  38.8 |      10 |       2 |  16.7
       D:10 |    1823 |    1292 |  41.5 |      12 |      31 |  72.1
       D:11 |     741 |     728 |  49.6 |       8 |       2 |  20.0
      Sewer |       0 |     135 | 100.0 |       0 |      12 | 100.0
            +---------+---------+-------+---------+---------+-------
